Description

This is a Standard Macro TvX build

Build Order

Get SALT Encoding   

  14  0:17  Supply Depot  Rally first SCV to top of main ramp
  16  0:40  Barracks  set rally back on mineral line
  16  0:44  Refinery  Send scout SCV
  19  1:26  Orbital Command  
  19  1:27  Marine  
  20  1:43  Command Center  
  20  1:46  Marine  
  21  1:54  Supply Depot  
  22  2:04  Marine  
  22  2:11  Factory  
  22  2:12  Marine  
  24  2:20  Refinery  
  24  2:29  Marine  
  25  2:30  Bunker  
  27  2:47  Barracks Reactor  
  28  2:57  Starport  
  28  3:01  Factory Tech Lab  
  28  3:04  Orbital Command  
  29  3:17  Supply Depot  
  30  3:22  Siege Tank  
  33  3:26  Marine x2  
  37  3:39  Viking  
  40  3:45  Marine x2  
  43  3:54  Siege Tank  
  50  4:11  Barracks x2  
  50  4:14  Marine x2  
  52  4:17  Starport Reactor  
  53  4:25  Supply Depot x3  
  53  4:28  Refinery  
  59  4:43  Marine x2  
  57  4:44  Siege Tank  
  61  4:57  Command Center  
  61  4:59  Barracks Tech Lab  
  61  5:00  Barracks Reactor  
  63  5:08  Engineering Bay x2  
  63  5:14  Marine x2  
  67  5:25  Refinery  
  67  5:26  Marine  
  68  5:29  Siege Tank  
  71  5:33  Stimpack  
  73  5:43  Supply Depot x2  
  73  5:45  Terran Infantry Weapons Level 1  
  73  5:49  Terran Infantry Armor Level 1  
  75  5:56  Medivac  
  77  5:57  Marine x2  
  80  6:04  Medivac  
  82  6:07  Supply Depot  
  82  6:08  Siege Tank  
  85  6:10  Marine  
  87  6:15  Orbital Command  
  87  6:18  Marine x5  
  93  6:29  Supply Depot  
  93  6:30  Medivac x2  
  98  6:35  Marine x5  
  105  6:49  Siege Tank  
  109  6:53  Marine x2  
  111  6:55  Armory  
  111  6:59  Marine  
  113  7:00  Supply Depot  
  116  7:05  Marine x3  
  117  7:06  Medivac x2  
  124  7:17  Combat Shield  
  124  7:20  Barracks x2  
  125  7:26  Refinery x2  
  126  7:32  Siege Tank  
  132  7:44  Command Center  
  133  7:49  Supply Depot x3, Factory  
  133  8:00  Terran Infantry Weapons Level 2  
  133  8:04  Terran Infantry Armor Level 2  
  133  8:09  Barracks Reactor x2  
  133  8:13  Supply Depot x2  
  134  8:17  Marine x5  
  138  8:19  Siege Tank  
  144  8:30  Viking x2  
  148  8:34  Factory Tech Lab  
  149  8:35  Terran Vehicle and Ship Weapons Level 1, Marine x5  
  156  8:45  Concussive Shells  
  157  8:46  Marine x7  
  165  8:56  Supply Depot, Siege Tank  
  168  8:57  Supply Depot, Siege Tank  
  171  8:59  Marine x2  
  173  9:03  Orbital Command  
  174  9:04  Marine x4  
  180  9:12  Viking x2  
  184  9:17  Marine x9  
  197  9:31  Siege Tank  
  199  9:42  Marine  
  200  9:49  Refinery x2  
  200  10:07  Barracks x2  
  200  10:10  Ghost Academy, Barracks  
  200  10:11  Fusion Core  
  200  10:13  Ghost Academy  
  200  10:17  Command Center  
Spawning Tool Build Advisor. Get it on Overwolf

Go to:

Details

  • Created by: judgethunder
  • Published on: Nov 07, 2023
  • Modified on: Nov 07, 2023
  • Patch: 5.0.11
  • Difficulty: Easy
Show
View Real Time Build Order
Export as new Build Order

Comments (0)

There are no comments. Be the first!

Create an account to comment!